 Dungeon Crawl Stone Soup version 0.24.0-123-gd5b16e6ec5 (webtiles) character file.

Game seed: 8003605339916531153, levelgen mode: deterministic

5369 Goreval the Cleaver (level 10, -14/91 HPs)
             Began as a Hill Orc Monk on Dec 16, 2019.
             Was a High Priest of Beogh.
             Demolished by an orc warrior
             ... wielding a cursed -1 war axe
              (18 damage)
             ... in a bailey.
             The game lasted 00:23:08 (12411 turns).

Goreval the Cleaver (Hill Orc Monk)                Turns: 12411, Time: 00:23:08

Health: -14/91     AC:  9    Str: 18    XL:     10   Next: 66%
Magic:  16/16      EV: 14    Int: 10    God:    Beogh [*****.]
Gold:   520        SH:  3    Dex: 13    Spells: 9/9 levels left

rFire    . . .     SeeInvis .   F - +2 hand axe (chop)
rCold    . . .     Gourm    .   (no shield)
rNeg     . . .     Faith    .   O - +0 scale mail
rPois    .         Spirit   .   (no helmet)
rElec    .         Reflect  +   D - scarf {cloud immunity}
rCorr    +         Harm     .   x - +0 pair of gloves
MR       .....                  (no boots)
Stlth    ..........             v - +3 amulet of reflection
HPRegen  0.25/turn              A - ring of resist corrosion
MPRegen  0.15/turn              N - +3 ring of evasion

@: no status effects
A: walk on water
a: Smiting, Recall Orcish Followers, Give Item to Named Follower, Renounce
Religion


You were in a bailey.
You worshipped Beogh.
Beogh was extremely pleased with you.
You were not hungry.

You visited 1 branch of the dungeon, and saw 10 of its levels.
You also visited: Sewer and Bailey.

You collected 520 gold pieces.

Inventory:

Hand Weapons
 F - a +2 hand axe of chopping (weapon)
Missiles
 d - 221 stones (quivered)
 j - 6 javelins
 k - 2 silver boomerangs
 L - a throwing net
Armour
 r - a +0 large shield
 x - a +0 pair of gloves (worn)
 D - a scarf of cloud immunity (worn)
 O - a +0 scale mail (worn)
Jewellery
 v - a +3 amulet of reflection (around neck)
 A - a ring of resist corrosion (left hand)
 N - a +3 ring of evasion (right hand)
Wands
 a - a wand of random effects (29)
 i - a wand of iceblast (6)
 y - a wand of digging (4)
Scrolls
 e - 2 scrolls of amnesia
 l - a scroll of magic mapping
 m - 3 scrolls of blinking
 o - a scroll of random uselessness {unknown}
 p - 2 scrolls of remove curse
 u - 8 scrolls of teleportation
 w - a scroll of fog {unknown}
 B - 5 scrolls of identify
 G - a scroll of vulnerability {unknown}
 H - a scroll of immolation
 J - a scroll of fear {unknown}
 M - a scroll of enchant armour {unknown}
 P - 2 scrolls of enchant weapon {unknown}
Potions
 f - 3 potions of lignification
 g - 3 potions of brilliance
 h - a potion of degeneration {unknown}
 n - a potion of mutation {unknown}
 q - a potion of haste {unknown}
 s - a potion of berserk rage
 t - 4 potions of curing {unknown}
 z - 3 potions of magic {unknown}
 C - 4 potions of heal wounds {unknown}
 I - a potion of flight {unknown}
 K - a potion of resistance {unknown}
Comestibles
 b - 13 chunks of flesh
 c - 18 rations


   Skills:
 + Level 9.3 Fighting
 * Level 13.1 Axes
 + Level 7.4 Armour
 - Level 2.4 Dodging
 - Level 1.5 Stealth
 - Level 0.1 Shields
 + Level 8.4 Invocations


You had 9 spell levels left.
You didn't know any spells.
Your spell library contained the following spells:

 Spells                   Type           Power        Failure   Level  Hunger
 Animate Skeleton         Necr           N/A          71%         1    ##.....
 Apportation              Tloc           #.....       71%         1    ##.....
 Confusing Touch          Hex            #.....       71%         1    ##.....
 Corona                   Hex            #......      71%         1    ##.....
 Summon Small Mammal      Summ           #...         71%         1    ##.....
 Ensorcelled Hibernation  Hex/Ice        #.....       85%         2    ###....
 Confuse                  Hex            #.......     97%         3    ####...
 Dazzling Spray           Conj/Hex       #.....       97%         3    ####...
 Tukima's Dance           Hex            #.......     97%         3    ####...


Dungeon Overview and Level Annotations

Branches:
Dungeon (10/15)            Temple (0/1) D:7            Lair (0/6) D:9
    Orc (0/2) D:9           Sewer (visited)          Bailey (1/1)

Altars:
Gozag
Makhleb
The Shining One

Shops:
D:7 %

Annotations:
D:4 3 runed translucent doors, tape's ghost, novice OpTm
D:6 1 runed translucent door, ReteAZ's ghost, novice DDFi
D:9 2 transporters, FishyPogo's ghost, novice GnSk


Message History

The orc knight roars a battlecry!
The orc knight goes into a battle-frenzy!
Things that are here:
a +0 hand axe; a cursed +0 leather armour
Things that are here:
a +0 hand axe; a +3 leather armour; a hobgoblin skeleton The orc knight roars a battlecry!
The orc warlord goes into a battle-frenzy!
The orc warlord hits you with a +3 great sword!!
* * * LOW HITPOINT WARNING * * *
The orc knight roars a battlecry!
The orc knight goes into a battle-frenzy!
You block the orc warlord's attack.
The orc warlord roars a battlecry!
There is an open door here.
The orc warlord roars a battlecry!
Items here: )) [[ ÷ † The orc warrior hits you with a cursed -1 war axe!!
You die...
Beogh appreciates the orc warrior's killing of a heretic priest.

...##.....).##.......##
...#......)..#.......#
..##.........##.....##
###...........####'##
..##.........##..o..##
...#,,,,,,,,,#...))).#
...##,,,,,,,##..o.)..##
..))#,,,,,,,#..o......#
.o.)##,,,,,##...@.....##
.))..#######.....⌠.....#
....##.....##.........##
....#.......#.........#
...##.......##.......##
...o).o.oo...'.......#
..##o........##.....##
###.....⌠.....#######
##.........##


You could see an orc warlord and 2 orc warriors.

Vanquished Creatures
  A two-headed ogre (D:9)
  Pikel (D:7)
  A troll (D:9)
  2 hippogriffs (D:9)
  A shadow (D:7)
  Duvessa (D:4)
  A slave (D:7)
  2 orc warriors
  A black bear (D:7)
  2 ice beasts (D:9)
  A sky beast (D:4)
  3 phantoms
  2 ogres
  4 bullfrogs
  Dowan (D:4)
  4 electric eels (D:9)
  2 crimson imps
  2 jellies
  A bullfrog zombie (D:5)
  2 centaur skeletons
  2 bullfrog skeletons
  An orc priest (D:9)
  2 hounds
  Jessica (D:3)
  2 orc wizards (D:8)
  An iguana (D:8)
  4 worker ants
  A hound skeleton (D:7)
  2 hound zombies
  4 gnolls
  A howler monkey skeleton (D:4)
  11 adders
  2 shadow imps
  7 oozes
  2 adder zombies
  An adder skeleton (D:6)
  4 worms
  2 dart slugs (D:2)
  10 leopard geckos
  8 orcs
  8 ball pythons (Sewer)
  5 bats
  10 giant cockroaches
  22 goblins
  20 hobgoblins
  5 jackals
  12 kobolds
  5 quokkas
  14 frilled lizards
  A leopard gecko zombie (D:6)
  A quokka skeleton (D:4)
  A quokka zombie (D:5)
  5 rats
212 creatures vanquished.

Vanquished Creatures (collateral kills)
  A two-headed ogre (D:10)
  Joseph (D:7)
  A troll (D:6)
  Prince Ribbit (D:7)
  A water moccasin (D:10)
  2 orc warriors (Bailey)
  A sky beast (D:7)
  A centaur (D:8)
  A crocodile (D:9)
  A big kobold (D:9)
  2 bullfrogs
  A bullfrog zombie (D:8)
  2 crimson imps
  A hound (D:9)
  An orc wizard (D:6)
  A jelly (D:8)
  A centaur skeleton (D:8)
  A gnoll shaman (D:8)
  An orc priest (D:8)
  A worker ant (D:6)
  6 gnolls
  3 leopard geckos
  5 orcs
  6 goblins (Bailey)
  5 hobgoblins (Bailey)
  2 quokkas
50 creatures vanquished.

Vanquished Creatures (others)
  An orc warrior (Bailey)
  2 slaves (D:7)
  An ogre (D:7)
  A bullfrog skeleton (D:7)
  3 orc wizards
  2 adders (D:3)
  2 dart slugs (D:3)
  19 orcs
  A jackal (D:7)
  3 kobolds
  A bat (D:3)
  A rat (D:3)
37 creatures vanquished.

Grand Total: 299 creatures vanquished

Notes
Turn   | Place    | Note
-------+----------+-------------------------------------------
     0 | D:1      | Goreval the Hill Orc Monk began the quest for the Orb.
     0 | D:1      | Reached XP level 1. HP: 19/19 MP: 1/1
   270 | D:1      | Reached XP level 2. HP: 27/27 MP: 2/2
   882 | D:2      | Reached skill level 5 in Axes
   935 | D:2      | Reached XP level 3. HP: 20/33 MP: 3/3
  1395 | D:2      | Reached skill level 1 in Armour
  1395 | D:2      | Reached XP level 4. HP: 30/41 MP: 4/4
  2129 | D:2      | Reached skill level 6 in Axes
  2376 | D:3      | Became a worshipper of Beogh the Brigand
  2376 | D:3      | Reached * piety under Beogh
  2376 | D:3      | Reached ** piety under Beogh
  2381 | D:3      | Noticed Jessica
  2398 | D:3      | Killed Jessica
  2443 | D:3      | Reached XP level 5. HP: 34/47 MP: 5/5
  3159 | D:3      | Found a glowing golden altar of the Shining One.
  3198 | D:3      | Reached skill level 5 in Fighting
  3198 | D:3      | Reached skill level 1 in Invocations
  3198 | D:3      | Reached XP level 6. HP: 52/56 MP: 6/6
  3353 | D:4      | Reached skill level 7 in Axes
  3636 | D:4      | Noticed Duvessa
  3661 | D:4      | Killed Duvessa
  3684 | D:4      | Noticed Dowan
  3792 | D:4      | Reached XP level 7. HP: 46/61 MP: 8/8
  4342 | D:4      | Killed Dowan
  4342 | D:4      | Reached skill level 8 in Axes
  4544 | D:4      | Found a runed translucent gate.
  4544 | D:4      | Found a runed translucent gate.
  4544 | D:4      | Found an opulent altar of Gozag.
  4545 | D:4      | Found a runed translucent gate.
  4545 | D:4      | Noticed tape's ghost (novice OpTm)
  4678 | D:5      | Entered Level 5 of the Dungeon
  4731 | D:5      | Found a glowing drain.
  4747 | Sewer    | Entered a sewer
  4858 | Sewer    | Reached *** piety under Beogh
  5151 | Sewer    | Reached XP level 8. HP: 40/70 MP: 10/10
  5746 | D:5      | Reached **** piety under Beogh
  6283 | D:5      | Reached skill level 9 in Axes
  6998 | D:6      | Noticed a troll
  7578 | D:6      | Found a runed translucent door.
  7581 | D:6      | Killed a troll
  7581 | D:6      | Reached skill level 10 in Axes
  7581 | D:6      | Reached skill level 5 in Armour
  7581 | D:6      | Reached skill level 5 in Invocations
  7630 | D:6      | Noticed ReteAZ's ghost (novice DDFi)
  8065 | D:7      | Found a burning altar of Makhleb.
  8112 | D:7      | Noticed Pikel
  8144 | D:7      | Killed Pikel
  8144 | D:7      | Reached XP level 9. HP: 47/79 MP: 13/13
  8145 | D:7      | Found a staircase to the Ecumenical Temple.
  8398 | D:7      | Noticed Prince Ribbit
  8417 | D:7      | Killed Prince Ribbit
  8570 | D:7      | Found Dioreol's Food Shop.
  8604 | D:7      | Noticed Joseph
  8618 | D:7      | Killed Joseph
  8618 | D:7      | Reached skill level 11 in Axes
  9469 | D:8      | Gained Horkud as an ally
  9807 | D:8      | Reached skill level 12 in Axes
  9807 | D:8      | Reached XP level 10. HP: 68/90 MP: 15/15
  9974 | D:9      | Found a staircase to the Lair.
 10111 | D:9      | Found a transporter.
 10138 | D:9      | Noticed FishyPogo's ghost (novice GnSk)
 10208 | D:9      | Found a transporter.
 10375 | D:9      | Noticed a two-headed ogre
 10379 | D:9      | Killed a two-headed ogre
 10413 | D:9      | Found a staircase to the Orcish Mines.
 11169 | D:10     | Entered Level 10 of the Dungeon
 11169 | D:10     | Noticed a two-headed ogre
 11178 | D:10     | Killed a two-headed ogre
 11178 | D:10     | Reached skill level 13 in Axes
 11396 | D:10     | Found a flagged portal.
 11428 | Bailey   | Entered a bailey
 11479 | Bailey   | Reached ***** piety under Beogh
 12025 | Bailey   | Gained Margrim as an ally
 12301 | Bailey   | Noticed an orc knight
 12301 | Bailey   | Noticed an orc knight
 12301 | Bailey   | Noticed an orc warlord
 12301 | Bailey   | Noticed an orc knight
 12302 | Bailey   | Noticed an orc knight
 12308 | Bailey   | Your ally Margrim died
 12391 | Bailey   | Identified the ring "Hedi" {Wiz rN+ SInv}
 12401 | Bailey   | HP: 1/91 [orc warlord/+3 great sword (24)]
 12411 | Bailey   | Demolished by an orc warrior

Levels and vault maps discovered:
D:1:      lightli_molten_gateway, layout_basic
D:2:      layout_basic
D:3:      layout_loops_ring, tso_oasis_becter, first_ration, uniq_jessica
D:4:      layout_gridville, ebering_ghost_gozag, kennysheep_generic_room_9,
          uniq_duvessa
D:5:      layout_basic, gup_sewer_entry_glass
D:6:      layout_basic, serial_curves, eino_curves_04, eino_curves_03,
          ebering_ghost_inner_flame
D:7:      layout_loops_ring, minmay_temple_entry_antechambers, serial_shops,
          shop, makhleb_heckhound_becter, uniq_prince_ribbit1, uniq_pikel,
          uniq_joseph
D:8:      layout_rooms, corexii_hall_statues_x, grunt_ogre_cave
D:9:      layout_basic, lair_entry_dummy, orc_0_dummy, gammafunk_ghost_hive
D:10:     layout_roguey, enter_bailey_2, nicolae_trove_entry_columns,
          minivault_1, hangedman_decor_lopped
Bailey:   bailey_axe_minmay_hex_keep, bailey

Skill      XL: |  1  2  3  4  5  6  7  8  9 10 |
---------------+-------------------------------+-----
Fighting       | 4 5 6 7 8 9 |  9.3
Axes           | 5 6 7 8 10 12 13 | 13.1
Armour         | 1 2 3 5 6 7 |  7.4
Invocations    | 1 2 3 5 7 8 |  8.4
Dodging        | |  2.4
Stealth        | |  1.5
Shields        | |  0.1

Action                   |  1- 3 |  4- 6 |  7- 9 | 10-12 || total
-------------------------+-------+-------+-------+-------++-------
Melee: Hand axe          |   105 |   139 |   558 |   188 ||   990
Throw: Stone             |    67 |    93 |   108 |    16 ||   284
Invok: Convert to Beogh  |       |     1 |       |       ||     1
       Smiting           |       |       |     3 |       ||     3
       Recall Orcish Fol |       |       |     3 |     2 ||     5
       Stop Recall       |       |       |     2 |     1 ||     3
  Use: Scroll            |       |     4 |       |     6 ||    10
       Potion            |       |       |       |     1 ||     1
 Stab: Sleeping          |     1 |       |       |       ||     1
       Distracted        |       |       |     2 |       ||     2
  Eat: Chunk             |     2 |     6 |    10 |     9 ||    27
       Ration            |       |       |     3 |       ||     3
Armor: Robe              |     6 |       |       |       ||     6
       Ring mail         |    23 |    31 |   132 |       ||   186
       Troll leather arm |       |       |    28 |     2 ||    30
       Scale mail        |       |       |       |    34 ||    34
Dodge: Dodged            |    77 |    60 |   229 |    75 ||   441
Block: Other             |       |       |    52 |    18 ||    70
